 Dungeon Crawl Stone Soup version 0.21.0 (webtiles) character file.

38733 Sayani the Severer (level 13, -1/190 (192) HPs)
             Began as a Minotaur Berserker on Jan 6, 2018.
             Was the Champion of Trog.
             Killed from afar by a hell knight (36 damage)
             ... with a bolt of fire
             ... on level 14 of the Dungeon.
             The game lasted 00:39:24 (16423 turns).

Sayani the Severer (Minotaur Berserker)            Turns: 16423, Time: 00:39:26

HP:   -1/190 (192)  AC: 21    Str: 32    XL:     13   Next: 65%
MP:   12/12         EV: 10    Int:  4    God:    Trog [******]
Gold: 488           SH:  0    Dex: 10    Spells: 12/12 levels left

rFire    . . .     SeeInvis .   L - +3 executioner's axe (chop)
rCold    . . .     Gourm    +   (shield currently unavailable)
rNeg     + . .     Faith    .   N - +0 storm dragon scales
rPois    .         Spirit   .   (helmet restricted)
rElec    +         Reflect  .   H - +1 cloak
rCorr    +         Harm     .   A - +2 pair of gloves
MR       .....                  (no boots)
Stlth    ..........             C - amulet of the gourmand
HPRegen  0.41/turn              y - ring of resist corrosion
MPRegen  0.13/turn              q - ring of positive energy

@: berserking, very quick
A: retaliatory headbutt, horns 2
a: Berserk, Trog's Hand, Brothers in Arms, Burn Spellbooks, Renounce Religion


You were on level 14 of the Dungeon.
You worshipped Trog.
Trog was exalted by your worship.
You were not hungry.

You visited 1 branch of the dungeon, and saw 15 of its levels.
You also visited: Ossuary.

You collected 1086 gold pieces.
You spent 598 gold pieces at shops.

Inventory:

Hand Weapons
 a - a +5 broad axe of flaming
 x - the +1 hand axe of the Enemy {freeze, rPois rC+}
   (You bought it in a shop on level 10 of the Dungeon)

   It has been specially enchanted to freeze those struck by it, causing extra
   injury to most foes and up to half again as much damage against particularly
   susceptible opponents.
   It can also slow down cold-blooded creatures.
   It protects you from cold.
   It protects you from poison.
 L - a +3 executioner's axe of chopping (weapon)
Armour
 A - a +2 pair of gloves (worn)
 H - a +1 cloak (worn)
 N - +0 storm dragon scales (worn)
Jewellery
 q - a ring of positive energy (right hand)
 y - a ring of resist corrosion (left hand)
 C - an amulet of the gourmand (around neck)
Wands
 d - a wand of enslavement (14)
 e - a wand of iceblast (5)
 m - a wand of paralysis (17)
 o - a wand of flame (62)
 z - a wand of disintegration (12)
 F - a wand of polymorph (13)
 K - a wand of acid (11)
Scrolls
 g - 9 scrolls of teleportation
 i - 3 scrolls of fear
 k - 13 scrolls of remove curse
 n - 6 scrolls of identify
 p - 2 scrolls of fog
 u - a scroll of enchant weapon
 v - 4 scrolls of magic mapping
 I - a scroll of summoning
 J - 5 scrolls of enchant armour
Potions
 b - 6 potions of curing
 f - 2 potions of brilliance
 j - 2 potions of ambrosia
 l - 5 potions of haste
 r - 5 potions of heal wounds
 s - 4 potions of resistance
 t - 3 potions of magic
 w - 4 potions of might
 B - 2 potions of flight
 D - 2 potions of invisibility
 E - a potion of berserk rage
 G - a potion of agility
Comestibles
 c - 17 rations
 M - 6 chunks of flesh


   Skills:
 * Level 15.9 Fighting
 + Level 18.2 Axes
 + Level 12.7 Armour
 - Level 2.1 Dodging
 + Level 1.2 Stealth


You had 12 spell levels left.
You didn't know any spells.

Dungeon Overview and Level Annotations

Branches:
Dungeon (15/15)            Temple (0/1) D:4            Lair (0/6) D:11
    Orc (0/2) D:10         Vaults (0/5) D:14         Depths (0/5) D:15

Altars:
Ashenzari
Cheibriados
Dithmenos
Fedhas
Hepliaklqana
Okawaru
Qazlal
Wu Jian
Zin
The Shining One

Shops:
D:7 ?   D:10 (   D:11 (

Annotations:
D:11 3 runed doors


Innate Abilities, Weirdness & Mutations

You reflexively headbutt those who attack you in melee.
You have a pair of horns on your head.


Message History

You closely miss the hell knight. You headbutt the hell knight.
The hell knight is severely wounded.
You hit the hell knight but do no damage.
You headbutt the hell knight!
The hell knight is severely wounded.
The hell knight hits you but does no damage.
You slash the hell knight! You headbutt the hell knight.
The hell knight is almost dead.
The hell knight hits you but does no damage.
You closely miss the hell knight.
The hell knight is almost dead.
You slash the two-headed ogre! You closely miss the hell knight.
The hell knight is almost dead.
You slash the two-headed ogre! The two-headed ogre hits you!
* * * LOW HITPOINT WARNING * * *
The two-headed ogre closely misses you. The hell knight casts a spell at you.
The bolt of fire hits you!
You die...

# #.# #...(.(...#.......# #
#.# #...)([.|..#.......# #
#.# #...)[:$"..#.......# #
#.######....)!...#.......# #
#.....##.........#.......# #
#####.##.........#.......#
########.###........#.......#
...........#...Op...#..)....#
##############''@####.†)....#
# #........#..†....# #
#........#.......#
############........#.......#
...........#........#.......#
##########.#........#.......#
#.#........#....(..#
#.#........#.......#
#.#........()......#


You could see a hell knight and a two-headed ogre shaped shifter.

Vanquished Creatures
  A storm dragon (D:14)
  Harold (D:10)
  2 hydras
  3 vault guards (D:14)
  A centaur warrior (D:13)
  5 two-headed ogres
  The ghost of Rjs the Magician, a novice GnVM of Sif Muna (D:11)
  8 skeletal warriors
  A necromancer (D:14)
  An orange crystal statue (D:11)
  3 wizards (D:14)
  10 ugly things
  3 cyclopes
  3 gargoyles
  3 centaur skeletons
  A kobold demonologist (D:13)
  2 hornets
  2 trolls
  Grinder (D:3)
  2 hippogriffs
  4 slime creatures (D:13)
  Sigmund (D:6)
  5 shadows
  A spriggan (D:7)
  A wraith (D:12)
  A vampire (D:14)
  16 humans (D:14)
  3 wyverns
  6 yaks (D:14)
  4 vampire mosquitoes (D:12)
  3 hungry ghosts
  Edmund (D:4)
  A water moccasin (D:10)
  Duvessa (D:5)
  An acid dragon (D:14)
  11 orc warriors
  3 ice beasts
  An eye of draining (shapeshifter) (D:14)
  A black bear (D:7)
  4 necrophages
  A sky beast (D:11)
  3 phantoms
  4 centaurs
  8 ogres
  Blork the orc (D:6)
  12 bullfrogs
  Dowan (D:5)
  16 scorpions
  3 killer bees (D:7)
  3 centaur zombies
  4 crimson imps
  A quasit (D:13)
  6 hounds
  2 bullfrog zombies (D:13)
  A human zombie (Ossuary)
  11 orc priests
  Crazy Yiuf (D:6)
  4 jellies
  12 orc wizards
  Jessica (D:2)
  7 worker ants
  5 iguanas
  A big kobold zombie (Ossuary)
  A hound zombie (D:6)
  3 mummies (Ossuary)
  A worker ant zombie (D:11)
  8 gnolls
  A howler monkey zombie (D:5)
  11 adders
  3 scorpion zombies (Ossuary)
  A shadow imp (D:7)
  An adder zombie (D:5)
  4 worms
  3 dart slugs
  9 leopard geckos
  63 orcs
  8 bats
  5 giant cockroaches
  6 goblins
  11 hobgoblins
  11 jackals
  7 kobolds
  2 quokkas (D:7)
  2 ball pythons (D:1)
  9 frilled lizards
  A gnoll zombie (Ossuary)
  A hobgoblin zombie (Ossuary)
  A kobold zombie (Ossuary)
  An orc zombie (Ossuary)
  11 rats
416 creatures vanquished.

Notes
Turn   | Place    | Note
-------+----------+-------------------------------------------
     0 | D:1      | Sayani the Minotaur Berserker began the quest for the Orb.
     0 | D:1      | Reached XP level 1. HP: 19/19 MP: 0/0
    99 | D:1      | Reached skill level 4 in Axes
   118 | D:1      | Reached XP level 2. HP: 18/26 MP: 1/1
   561 | D:1      | Reached skill level 5 in Axes
   647 | D:2      | Noticed Jessica
   659 | D:1      | Reached XP level 3. HP: 24/31 MP: 2/2
   788 | D:1      | Reached ** piety under Trog
   940 | D:2      | Reached skill level 6 in Axes
   940 | D:2      | Reached XP level 4. HP: 33/39 MP: 3/3
   996 | D:2      | Killed Jessica
  1152 | D:2      | Reached skill level 7 in Axes
  1152 | D:2      | Reached XP level 5. HP: 37/45 MP: 4/4
  1539 | D:3      | Reached *** piety under Trog
  1539 | D:3      | Reached skill level 8 in Axes
  1557 | D:3      | Noticed Grinder
  1667 | D:3      | Reached XP level 6. HP: 51/51 MP: 5/5
  1686 | D:3      | Killed Grinder
  1686 | D:3      | Reached skill level 9 in Axes
  2046 | D:3      | Found a shattered altar of Ashenzari.
  2063 | D:3      | Reached XP level 7. HP: 23/58 MP: 6/6
  2734 | D:4      | Reached skill level 10 in Axes
  3198 | D:4      | Reached **** piety under Trog
  3362 | D:4      | Found a staircase to the Ecumenical Temple.
  3457 | D:4      | Noticed Edmund
  3462 | D:4      | Killed Edmund
  3462 | D:4      | Reached XP level 8. HP: 67/67 MP: 7/7
  3620 | D:4      | Reached skill level 5 in Fighting
  3826 | D:4      | Reached skill level 5 in Armour
  4312 | D:5      | Entered Level 5 of the Dungeon
  4372 | D:5      | Noticed Duvessa
  4373 | D:5      | Noticed Dowan
  4382 | D:5      | Killed Duvessa
  4386 | D:5      | Killed Dowan
  4386 | D:5      | Reached skill level 11 in Axes
  4644 | D:5      | Found an iron altar of Okawaru.
  5060 | D:6      | Found a sand-covered staircase.
  5067 | D:6      | Reached XP level 9. HP: 76/78 MP: 8/8
  5076 | Ossuary  | Entered an ossuary
  5717 | Ossuary  | Reached ***** piety under Trog
  5717 | Ossuary  | Reached skill level 12 in Axes
  6168 | D:6      | Noticed Blork the orc
  6175 | D:6      | Killed Blork the orc
  6306 | D:6      | Found a runed door.
  6310 | D:6      | Noticed Crazy Yiuf
  6313 | D:6      | Killed Crazy Yiuf
  6461 | D:6      | Noticed Sigmund
  6467 | D:6      | Killed Sigmund
  6541 | D:6      | Found an ornate altar of the Wu Jian Council.
  6994 | D:7      | Found a stormy altar of Qazlal.
  7063 | D:7      | Reached XP level 10. HP: 84/89 MP: 9/9
  7085 | D:7      | Reached skill level 13 in Axes
  7815 | D:7      | Found Vader's Magic Scroll Shoppe.
  7823 | D:7      | Bought a scroll of identify for 28 gold pieces
  7823 | D:7      | Bought a scroll of identify for 28 gold pieces
  7823 | D:7      | Bought a scroll of summoning for 133 gold pieces
  7823 | D:7      | Bought a scroll of enchant armour for 105 gold pieces
  7823 | D:7      | Bought a scroll of remove curse for 42 gold pieces
  7823 | D:7      | Bought a scroll of teleportation for 42 gold pieces
  7823 | D:7      | Bought a scroll of identify for 28 gold pieces
  7855 | D:7      | Received a gift from Trog
  8107 | D:8      | Found a glowing golden altar of the Shining One.
  8146 | D:8      | Found a snail-covered altar of Cheibriados.
  8201 | D:8      | Noticed a two-headed ogre
  8208 | D:8      | Killed a two-headed ogre
  8293 | D:9      | Noticed a two-headed ogre
  8302 | D:9      | Killed a two-headed ogre
  8302 | D:9      | Reached skill level 10 in Fighting
  8469 | D:10     | Entered Level 10 of the Dungeon
  8579 | D:9      | Reached skill level 14 in Axes
  8620 | D:9      | Found a glowing silver altar of Zin.
  8888 | D:9      | Found a hazy altar of Hepliaklqana.
  9339 | D:10     | Noticed a gargoyle
  9356 | D:10     | Killed a gargoyle
  9394 | D:10     | Found Utinn's Antique Weapon Shoppe.
  9406 | D:10     | Bought a scorched hand axe for 192 gold pieces
  9406 | D:10     | Identified the +1 hand axe of the Enemy {freeze, rPois rC+} (You bought it in a shop on level 10 of the Dungeon)
  9628 | D:10     | Noticed Harold
  9638 | D:10     | Killed Harold
  9638 | D:10     | Reached XP level 11. HP: 100/100 MP: 10/10
  9660 | D:10     | Found a staircase to the Orcish Mines.
  9797 | D:10     | You fall through a shaft for 2 floors!
  9797 | D:12     | Noticed a two-headed ogre
  9803 | D:12     | Killed a two-headed ogre
  9846 | D:12     | You fall through a shaft for 3 floors!
  9846 | D:15     | Entered Level 15 of the Dungeon
  9846 | D:15     | Found a staircase to the Depths.
  9846 | D:15     | Noticed a skeletal warrior
  9846 | D:15     | Noticed a vampire mage
  9846 | D:15     | Noticed a skeletal warrior
  9846 | D:15     | Noticed a skeletal warrior
  9846 | D:15     | Noticed a skeletal warrior
  9846 | D:15     | Noticed a skeletal warrior
  9849 | D:15     | Noticed a tengu warrior
  9849 | D:15     | Noticed a centaur warrior
  9852 | D:15     | Reached skill level 10 in Armour
  9855 | D:15     | Noticed a necromancer
  9858 | D:15     | Noticed a two-headed ogre
  9858 | D:15     | Noticed a purple ugly thing
  9859 | D:15     | Noticed an eight-headed hydra
 10158 | D:14     | Reached skill level 15 in Axes
 10470 | D:13     | Noticed a centaur warrior
 10481 | D:13     | Killed a centaur warrior
 10873 | D:12     | Noticed a skeletal warrior
 10874 | D:12     | Noticed a skeletal warrior
 10874 | D:12     | Noticed a skeletal warrior
 10876 | D:12     | Noticed a skeletal warrior
 10877 | D:12     | Noticed a skeletal warrior
 10886 | D:12     | Paralysed by a hornet for 1 turns
 10933 | D:11     | Noticed a two-headed ogre
 10940 | D:11     | Killed a two-headed ogre
 11176 | D:11     | Noticed Rjs's ghost (novice GnVM)
 11187 | D:11     | Killed Rjs's ghost
 11333 | D:11     | Found Xasaergh's Antique Weapon Boutique.
 11344 | D:11     | Noticed a five-headed hydra
 11347 | D:11     | Noticed a two-headed ogre
 11380 | D:11     | Killed a two-headed ogre
 11403 | D:11     | Noticed a skeletal warrior
 11413 | D:11     | Noticed a skeletal warrior
 11423 | D:11     | Killed a skeletal warrior
 11430 | D:11     | Killed a skeletal warrior
 11434 | D:11     | Found a staircase to the Lair.
 11862 | D:11     | Noticed a skeletal warrior
 11873 | D:11     | Killed a skeletal warrior
 11873 | D:11     | Reached XP level 12. HP: 89/112 MP: 11/11
 11963 | D:11     | Found a runed door.
 11973 | D:11     | Reached skill level 16 in Axes
 11980 | D:11     | Found a runed door.
 11991 | D:11     | Found a runed door.
 12002 | D:11     | Found a runed door.
 12383 | D:11     | Killed a one-headed hydra
 13282 | D:12     | Found a blossoming altar of Fedhas.
 14307 | D:13     | Reached skill level 17 in Axes
 14710 | D:14     | Received a gift from Trog
 14710 | D:14     | Reached skill level 1 in Stealth
 14741 | D:14     | Found a shadowy altar of Dithmenos.
 14814 | D:14     | Reached XP level 13. HP: 106/124 MP: 12/12
 15023 | D:14     | Reached skill level 15 in Fighting
 15349 | D:14     | Found a gate to the Vaults.
 15534 | D:14     | Found the cursed necklace of Bloodlust {*Rage +Rage MR++ Int-3 Slay+6 *Curse}
 15543 | D:14     | Noticed a storm dragon
 15816 | D:14     | Found a runed gate.
 15816 | D:14     | Found a runed gate.
 15816 | D:14     | Found a runed gate.
 15816 | D:14     | Found a runed gate.
 15831 | D:14     | Reached skill level 18 in Axes
 15958 | D:14     | Found a runed gate.
 15958 | D:14     | Found a runed gate.
 16004 | D:14     | Paralysed by a hornet for 2 turns
 16008 | D:14     | Reached ****** piety under Trog
 16008 | D:14     | Received a gift from Trog
 16224 | D:14     | Killed a storm dragon
 16423 | D:14     | Killed from afar by a hell knight

Skill      XL: |  1  2  3  4  5  6  7  8  9 10 11 12 13 |
---------------+----------------------------------------+-----
Axes           | 4 5 6 7 8 9 10 11 12 14 15 17 18 | 18.2
Armour         | 4 6 8 9 11 12 | 12.7
Fighting       | 4 6 8 10 12 14 15 | 15.9
Stealth        | 1 |  1.2
Dodging        | |  2.1

Action                   |  1- 3 |  4- 6 |  7- 9 | 10-12 | 13-15 || total
-------------------------+-------+-------+-------+-------+-------++-------
Melee: Hand axe          |    65 |    97 |       |       |       ||   162
       Headbutt          |     9 |    24 |    71 |    76 |    29 ||   209
       War axe           |       |    31 |   376 |    48 |       ||   455
       Broad axe         |       |       |       |   371 |   124 ||   495
       Executioner's axe |       |       |       |       |    25 ||    25
Invok: Berserk           |       |     2 |     7 |    15 |     6 ||    30
       Burn Spellbooks   |       |       |     3 |     1 |       ||     4
  Use: Scroll            |       |       |     6 |    21 |     2 ||    29
  Eat: Ration            |       |     1 |     3 |     1 |     1 ||     6
       Chunk             |       |     1 |    19 |    40 |     5 ||    65
Armor: Plate armour      |    31 |    65 |   198 |   233 |    67 ||   594
       Leather armour    |     6 |       |       |       |       ||     6
       Storm dragon scal |       |       |       |       |     6 ||     6
Dodge: Dodged            |    38 |    32 |   104 |   137 |    51 ||   362
